 Dungeon Crawl Stone Soup version 0.32-a0-705-g60f233581c (webtiles) character file.

Game seed: 1968481559397368387

11896 dialectric the Fighter (level 11, 0/90 HPs)
             Began as a Demonspawn Fighter on Mar 15, 2024.
             Was a High Priest of Ignis.
             Slain by a warg (16 damage)
             ... led by an orc knight
             ... on level 2 of the Orcish Mines.
             The game lasted 00:17:24 (11417 turns).

dialectric the Fighter (Demonspawn Fighter)        Turns: 11417, Time: 00:17:25

Health: 0/90       AC: 13    Str: 20    XL:     11   Next: 55%
Magic:  11/11      EV: 12    Int:  9    God:    Ignis [*****.]
Gold:   752        SH:  6    Dex: 13    Spells: 10/10 levels left

rFire   + . .        B - +4 halberd (freeze)
rCold   . . .        (shield currently unavailable)
rNeg    . . .        K - +0 steam dragon scales
rPois   .            L - +0 helmet
rElec   .            A - +1 cloak
rCorr   +            m - +0 pair of gloves
SInv    .            n - +0 pair of boots
Will    .....        G - amulet of the acrobat
Stlth   +            y - ring of resist corrosion
HPRegen 0.35/turn    (no ring)
MPRegen 0.12/turn

%: acrobat
@: no status effects
A: hooves 2, large bone plates 2, powered by pain 2, spiny 1
a: Renounce Religion, Fiery Armour, Foxfire Swarm, Rising Flame


You were on level 2 of the Orcish Mines.
You worshipped Ignis.
Ignis was extremely pleased with you.
You visited 2 branches of the dungeon, and saw 12 of its levels.

You collected 1014 gold pieces.
You spent 262 gold pieces at shops.

Inventory:

Hand Weapons
 d - a +2 dagger of venom
 z - a +2 falchion of distortion
 B - a +4 halberd of freezing (weapon)
 Q - a +1 heavy trident
 T - a +1 hand cannon of draining
Missiles
 U - 6 curare-tipped darts (quivered)
Armour
 c - a +0 buckler
 m - a +0 pair of gloves (worn)
 n - a +0 pair of boots (worn)
 A - a +1 cloak (worn)
 F - a +0 kite shield
 K - +0 steam dragon scales (worn)
 L - a +0 helmet (worn)
Jewellery
 y - a ring of resist corrosion (left hand)
 G - an amulet of the acrobat (around neck)
 N - an amulet of magic regeneration
 P - a ring of ice
Wands
 t - a wand of paralysis (16)
 w - a wand of roots (8)
 E - a wand of flame (14)
Scrolls
 e - 3 scrolls of noise
 f - 3 scrolls of summoning
 j - 2 scrolls of enchant weapon {unknown}
 k - a scroll of brand weapon {unknown}
 l - 2 scrolls of fog {unknown}
 r - 2 scrolls of amnesia {unknown}
 v - 4 scrolls of teleportation {unknown}
 x - 5 scrolls of enchant armour {unknown}
 J - a scroll of revelation {unknown}
 S - a scroll of vulnerability {unknown}
Potions
 g - a potion of attraction
 h - 8 potions of curing
 i - a potion of invisibility {unknown}
 o - a potion of enlightenment
 p - a potion of lignification {unknown}
 q - a potion of magic {unknown}
 s - a potion of mutation
 u - 4 potions of heal wounds
 D - a potion of might
 H - 2 potions of resistance
 I - a potion of cancellation {unknown}
 M - 2 potions of berserk rage
 R - a potion of haste


   Skills:
 * Level 9.8 Fighting
 - Level 2.0 Short Blades
 * Level 9.2 Polearms
 - Level 8.0 Armour
 - Level 4.0 Dodging
 - Level 8.2 Shields


You had 10 spell levels left.
You didn't know any spells.
Your spell library contained the following spells:

 Spells                   Type           Power      Damage    Failure   Level
 Blink                    Tloc           0%         N/A       52%         2
 Call Imp                 Summ           0%         N/A       52%         2
 Cigotuvi's Dreadful Rot  Necr/Alch/Air  0%         N/A       52%         2
 Lesser Beckoning         Tloc           0%         N/A       52%         2
 Momentum Strike          Conj/Tloc      0%         3d8       52%         2
 Sublimation of Blood     Necr           0%         N/A       52%         2
 Dispel Undead            Necr           0%         3d6       99%         4
 Martyr's Knell           Necr/Summ      0%         N/A       99%         4
 Vhi's Electric Charge    Tloc/Air       0%         N/A       99%         4
 Arcjolt                  Conj/Air       0%         1d10      100%        5
 Summon Hydra             Summ           0%         N/A       100%        7
 Maxwell's Capacitive Co  Air            0%         ∞         100%        8


Dungeon Overview and Level Annotations

Branches:
Dungeon (10/15)            Temple (0/1) D:7            Lair (0/5) D:8
    Orc (2/2) D:9             Elf (0/3) Orc:2

Altars:
Dithmenos
Qazlal
Sif Muna
Trog
Uskayaw
Yredelemnul
Beogh
Ignis

Shops:
D:1 (!!(   D:4 *   D:8 (   D:9 :[*:!   Orc:1 (

Annotations:
D:10 Joseph


Innate Abilities, Weirdness & Mutations

You have hoof-like feet.
You are mostly covered in large bone plates. (SH +6)
You sometimes gain power by taking damage.
You are partially covered in sharp spines.


Message History

No target in view!
No target in view!
No target in view!
No target in view!
Items here: )) [ ††.
Things that are here:
a +0 giant club; an ogre corpse
Found 27 gold pieces.
The warg howls!
You hear a shout!
Reach: B) +4 halberd (freeze)
Press: ? - help, Dir - move target, f - warg
Aim: a warg (about 41% to evade your +4 halberd of freezing)
You reach to attack!
You hit the warg. You freeze the warg.
The warg is lightly wounded.
The warg bites you but does no damage.
Unknown command.
You hit the warg. You freeze the warg.
The warg is moderately wounded.
You block the warg's attack.
You miss the warg.
The warg is moderately wounded.
The warg is struck by your spines. The warg closely misses you.
The warg is struck by your spines. The warg bites you!
You closely miss the warg.
The warg is heavily wounded.
The warg bites you! x2
You are too injured to fight recklessly!
You are too injured to fight recklessly!
You are too injured to fight recklessly!
You are too injured to fight recklessly!
You are too injured to fight recklessly!
You slash the warg! You freeze the warg.
The warg is almost dead.
The warg bites you!!
* * * LOW HITPOINT WARNING * * *
You miss the warg.
The warg is almost dead.
The warg barely misses you. The warg bites you!
You die...
Ignis goes out, and joins you in death.

##.#.. .# ## #.....
#.##. #......#....
.. ......#....#..#
#.#........#..##.
................
....(#.#h.....##
..(...#@.......##
................#
.............#.##
...$.#..........#
...###.........##
..........#.....## .
...............#
........#.#......# #
..............)...##
##


You could see a warg.

Vanquished Creatures
  A two-headed ogre (D:8)
  3 necromancers (Orc:1)
  Pikel (D:4)
  2 orc sorcerers (Orc:1)
  A kobold blastminer (Orc:1)
  Sigmund (D:4)
  2 wyverns
  An ettin skeleton (Orc:1)
  Eustachio (D:4)
  6 yaks
  2 basilisks (D:8)
  A steam dragon (D:7)
  2 wargs
  An acid dragon (D:9)
  3 water moccasins
  A swamp drake (D:9)
  10 orc warriors
  An ice beast (D:6)
  2 black bears
  An orc zombie (Orc:1)
  6 ogres
  5 centaurs
  2 lemures (D:4)
  2 kobold brigands
  A phantom (D:6)
  2 bullfrogs (D:7)
  2 gnoll sergeants
  A warg zombie (Orc:1)
  3 scorpions
  3 wights
  7 killer bees
  2 bombardier beetles (D:5)
  2 jellies (D:4)
  A warg simulacrum (Orc:1)
  11 orc priests
  2 hounds (D:6)
  3 sleepcaps
  3 gnoll boudas
  A cyclops simulacrum (Orc:1)
  Crazy Yiuf (D:4)
  Jessica (D:2)
  An iguana (D:6)
  17 orc wizards
  A troll simulacrum (Orc:1)
  3 ogre zombies (Orc:1)
  6 adders
  30 gnolls
  An orc skeleton (Orc:1)
  A shadow imp (D:8)
  2 white imps (D:8)
  2 ufetubi (D:5)
  4 dart slugs
  3 ribbon worms
  43 orcs
  5 bats
  9 endoplasms
  4 giant cockroaches
  7 goblins
  A hobgoblin (D:2)
  8 jackals
  8 quokkas
  11 ball pythons
  2 frilled lizards
  18 kobolds
  5 rats
296 creatures vanquished.

Vanquished Creatures (collateral kills)
  An orc knight (Orc:1)
  A gnoll sergeant (D:9)
  An orc priest (D:9)
  An orc wizard (D:9)
  A gnoll (D:9)
  3 orcs (D:9)
8 creatures vanquished.

Grand Total: 304 creatures vanquished

Notes
Turn   | Place    | Note
-------+----------+-------------------------------------------
     0 | D:1      | dialectric the Demonspawn Fighter began the quest for the
                  | Orb.
     0 | D:1      | Reached XP level 1. HP: 18/18 MP: 1/1
   121 | D:1      | Found Maskun's Distillery.
   129 | D:1      | Bought a potion of curing for 36 gold pieces
   274 | D:1      | Gained mutation: You are partially covered in sharp spines.
                  | [demonic ancestry]
   274 | D:1      | Reached XP level 2. HP: 24/24 MP: 2/2
   496 | D:1      | Found Goarih's Weapon Boutique.
   524 | D:1      | Found Wiajom's Distillery.
   659 | D:1      | Gained mutation: You sometimes gain a little power by
                  | taking damage. [demonic ancestry]
   659 | D:1      | Reached XP level 3. HP: 29/29 MP: 3/3
   754 | D:1      | Found Cosular's Antique Weapon Shop.
  1375 | D:2      | Noticed Jessica
  1384 | D:2      | Killed Jessica
  1385 | D:2      | Gained mutation: You have large cloven feet. [demonic
                  | ancestry]
  1385 | D:2      | Reached XP level 4. HP: 29/35 MP: 4/4
  1415 | D:2      | Found a faded altar of an unknown god.
  1947 | D:1      | Bought a potion of heal wounds for 60 gold pieces
  2029 | D:3      | Noticed a centaur
  2040 | D:3      | Killed a centaur
  2041 | D:3      | Reached XP level 5. HP: 34/42 MP: 5/5
  2294 | D:3      | Reached skill level 1 in Short Blades
  3026 | D:2      | Prayed at the altar of an unknown god.
  3026 | D:2      | Became a worshipper of Ignis, the Dying Flame
  3067 | D:4      | Found Danul's Assorted Antiques.
  3067 | D:4      | Noticed Sigmund
  3155 | D:4      | Killed Sigmund
  3156 | D:4      | Gained mutation: You are partially covered in large bone
                  | plates. (SH +4) [demonic ancestry]
  3156 | D:4      | Reached XP level 6. HP: 34/49 MP: 6/6
  3556 | D:4      | Found a runed translucent door.
  3556 | D:4      | Noticed Eustachio
  3557 | D:4      | Noticed Crazy Yiuf
  3567 | D:4      | Killed Eustachio
  3568 | D:4      | Reached XP level 7. HP: 20/55 MP: 7/7
  3692 | D:4      | Killed Crazy Yiuf
  3693 | D:4      | Reached skill level 1 in Dodging
  3916 | D:5      | Entered Level 5 of the Dungeon
  4030 | D:5      | Noticed Pikel
  4107 | D:4      | Reached skill level 5 in Fighting
  4292 | D:4      | Gained mutation: You sometimes gain power by taking damage.
                  | [demonic ancestry]
  4292 | D:4      | Reached XP level 8. HP: 33/62 MP: 8/8
  4751 | D:4      | Killed Pikel
  4752 | D:4      | Reached skill level 5 in Armour
  4752 | D:4      | Reached skill level 5 in Shields
  5105 | D:1      | Bought a potion of curing for 30 gold pieces
  5105 | D:1      | Bought a potion of might for 40 gold pieces
  5190 | D:6      | Found a stormy altar of Qazlal.
  5283 | D:6      | Reached skill level 5 in Polearms
  5566 | D:6      | Gained mutation: You are mostly covered in large bone
                  | plates. (SH +6) [demonic ancestry]
  5566 | D:6      | Reached XP level 9. HP: 61/69 MP: 9/9
  6305 | D:7      | Found a staircase to the Ecumenical Temple.
  6472 | D:7      | Found a hide-covered altar of Uskayaw.
  6837 | D:7      | Found a basalt altar of Yredelemnul.
  6876 | D:7      | Found a shimmering blue altar of Sif Muna.
  7001 | D:8      | Found a staircase to the Lair.
  7037 | D:8      | Found Sicsevom's Weapon Emporium.
  7322 | D:8      | Found a shadowy altar of Dithmenos.
  7322 | D:8      | Found a bloodstained altar of Trog.
  7479 | D:8      | Reached XP level 10. HP: 32/79 MP: 10/10
  7715 | D:8      | Noticed a two-headed ogre
  7722 | D:8      | Killed a two-headed ogre
  8232 | D:9      | Found Nikkaiz's Distillery.
  8235 | D:9      | Found Beciuff's Book Shoppe.
  8549 | D:9      | Found Yteiraes's Antique Weapon Shop.
  8876 | D:9      | Found a staircase to the Orcish Mines.
  9130 | D:9      | Bought a potion of heal wounds for 50 gold pieces
  9147 | D:9      | Found Tosuosas's Antique Armour Emporium.
  9293 | D:9      | Found Inleklag's Book Shop.
  9383 | D:9      | Found Duosin's Serpentskin Sales.
  9392 | D:9      | Bought 3 curare-tipped darts for 46 gold pieces
  9572 | D:10     | Entered Level 10 of the Dungeon
  9572 | D:10     | Noticed Joseph
  9572 | D:10     | Noticed a boulder beetle
  9640 | Orc:1    | Entered Level 1 of the Orcish Mines
  9645 | Orc:1    | Found a roughly hewn altar of Beogh.
  9661 | Orc:1    | Noticed a necromancer
  9662 | Orc:1    | Noticed a necromancer
  9730 | Orc:1    | Killed a necromancer
  9731 | Orc:1    | Gained mutation: You have hoof-like feet. [demonic
                  | ancestry]
  9731 | Orc:1    | Reached XP level 11. HP: 78/87 MP: 11/11
  9747 | Orc:1    | Killed a necromancer
 10000 | Orc:1    | Noticed a necromancer
 10006 | Orc:1    | Killed a necromancer
 10243 | Orc:2    | Entered Level 2 of the Orcish Mines
 10480 | Orc:1    | Found Ditepnu's Weapon Boutique.
 10572 | Orc:1    | Noticed an orc sorcerer
 10579 | Orc:1    | Killed an orc sorcerer
 10591 | Orc:1    | Noticed an orc sorcerer
 10605 | Orc:1    | Killed an orc sorcerer
 10900 | Orc:2    | Found a staircase to the Elven Halls.
 10928 | Orc:2    | Noticed an orc knight
 11184 | Orc:1    | Killed an orc knight
 11417 | Orc:2    | Slain by a warg

Illustrated notes

Levels and vault maps discovered:
D:1:      dpeg_arrival_chambers_temple_mockup, layout_loops_corners,
          serial_shops, nicolae_shop_statue_plus, shop, nicolae_diamond_shop,
          nicolae_shop_waterfront
D:2:      layout_basic, shapermc_ecumenical_altar_mp_urbaneastern,
          minmay_misc_feat_chi, minmay_tripent, uniq_jessica
D:3:      layout_basic, mainiacjoe_overflow_brackets, hangedman_decor_opposing
D:4:      layout_rooms, serial_shops, nicolae_shop_peninsula,
          corexii_leaking_fountain, uniq_crazy_yiuf_cottage, uniq_sigmund,
          uniq_eustachio
D:5:      layout_cave_pools, uniq_pikel
D:6:      layout_cave_pools, grunt_qazlal_clouds, minmay_strange_pillars
D:7:      layout_loops_ring, nicolae_uskayaw_suspiria,
          mainiacjoe_overflow_two_lobes, minmay_temple_entry_waves, st_stairs_1
D:8:      layout_rooms, mainiacjoe_overflow_large_starburst, david_lair_generic,
          serial_shops, kennysheep_mini, grunt_ministairs_1
D:9:      layout_small_grid, erik_orc_1, serial_shops,
          nicolae_shop_industrial_runoff, shop, nicolae_lakefront_shop, shop,
          shop, guppyfry_shop_venom
D:10:     hangedman_cross_cluster, layout_loops_cross, uniq_joseph,
          uniq_josephine
Orc:1:    dreamdust_under_siege, layout_caves, serial_shops, shop
Orc:2:    pf_orc_diabolical, layout_caves, basic_altar

Skill      XL: |  1  2  3  4  5  6  7  8  9 10 11 |
---------------+----------------------------------+-----
Polearms       | 2 3 4 5 6 8 9 |  9.2
Armour         | 3 4 5 6 7 8 |  8.0
Shields        | 3 4 5 6 7 8 |  8.2
Fighting       | 4 5 6 7 8 9 |  9.8
Short Blades   | 1 2 |  2.0
Dodging        | 1 3 4 |  4.0

Action                     |  1- 3 |  4- 6 |  7- 9 | 10-12 || total
---------------------------+-------+-------+-------+-------++-------
  Melee: Trident           |    78 |    31 |    16 |       ||   125
         Dagger            |       |    78 |    53 |       ||   131
         Halberd           |       |       |   202 |   343 ||   545
  Throw: Dart              |       |       |       |     3 ||     3
    Use: Potion            |     1 |     1 |       |       ||     2
         Scroll            |       |       |     3 |     7 ||    10
   Stab: Sleeping          |       |       |     1 |     2 ||     3
 Armour: Scale mail        |    25 |    74 |   171 |       ||   270
         Steam dragon scal |       |       |    68 |   185 ||   253
         Skin              |       |       |     6 |       ||     6
  Dodge: Dodged            |    27 |    51 |   133 |   193 ||   404
  Block: Other             |       |     6 |    65 |    84 ||   155

Table legend: (Time is in decaauts)
 A = Elapsed time spent in this place.
 B = Non-inter-level travel time spent in this place.
 C = Inter-level travel time spent in this place.
 D = Time resting spent in this place.
 E = Time spent auto-exploring this place.
 F = Levels seen in this place.
 G = Mean time per level.
                   A        B        C        D        E       F      G
               +--------+--------+--------+--------+--------+-----+--------+
         Total |  11561 |  10817 |    744 |   1096 |   6857 |  12 |  963.4 |
       Dungeon |   9771 |   9028 |    743 |    698 |   6177 |  10 |  977.1 |
  Orcish Mines |   1790 |   1790 |      0 |    398 |    680 |   2 |  895.0 |
               +--------+--------+--------+--------+--------+-----+--------+

Top non-repeatable levels by time:
     D:9: 1410 daAuts
   Orc:1: 1331 daAuts
     D:1: 1283 daAuts
     D:4: 1246 daAuts
     D:7: 1182 daAuts
     D:8: 1159 daAuts
     D:3: 1143 daAuts
     D:2: 814 daAuts
     D:5: 770 daAuts
     D:6: 754 daAuts
   Orc:2: 459 daAuts
    D:10: 4 daAuts
